 Dungeon Crawl Stone Soup version 0.31-a0-1084-gb392501acf (webtiles) character file.

Game seed: 11516231308399661153

621 CrazyBamboolord the Ruffian (level 7, 0/60 HPs)
             Began as a Yellow Draconian Shapeshifter on Nov 28, 2023.
             Was an Initiate of Gozag.
             Succumbed to a kobold's poison
             ... in a sewer.
             The game lasted 00:06:14 (3841 turns).

CrazyBamboolord the Ruffian (DrSh)                  Turns: 3841, Time: 00:06:15

Health: 0/60       AC:  6    Str: 18    XL:     7   Next: 22%
Magic:  1/7        EV: 13    Int: 10    God:    Gozag
Gold:   244        SH:  0    Dex: 11    Spells: 6/6 levels left

rFire   . .          .
                       - Unarmed
rCold   . . .        (no shield)
rNeg    . . .        (body armour unavailable)
rPois   .            (helmet currently unavailable)
rElec   .            (cloak currently unavailable)
rCorr   +            (gloves currently unavailable)
SInv    .            (boots currently unavailable)
Will    .....        j - amulet of guardian spirit
Stlth   +            (no ring)
HPRegen 0.30/turn    (no ring)
MPRegen 0.10/turn

%: guardian spirit
@: lethally poisoned (0 -> -1), beast-form
A: beast (slay +2), spit acid, AC +6, unfitting armour, cold-blooded, acid
resistance
a: Breathe Acid, Begin Untransformation, Renounce Religion, Potion Petition,
Call Merchant, Bribe Branch


You were in a sewer.
You worshipped Gozag.
Gozag was aware of your devotion.
You were a hulking beast.
You visited 2 branches of the dungeon, and saw 5 of its levels.
You also visited: Sewer.

You collected 298 gold pieces.
You paid 54 gold pieces to Gozag.

Inventory:

Jewellery
 j - an amulet of guardian spirit (around neck)
Talismans
 b - a beast talisman
 c - a flux talisman
Scrolls
 g - a scroll of amnesia
 h - a scroll of vulnerability


   Skills:
 + Level 4.3 Fighting
 + Level 3.9 Dodging
 + Level 4.9 Unarmed Combat
 + Level 4.6 Shapeshifting


You had 6 spell levels left.
You didn't know any spells.
Your spell library was empty.

Dungeon Overview and Level Annotations

Branches:
Dungeon (4/15)             Temple (1/1) D:4           Sewer (1/1)

Altars:
Ashenzari
Dithmenos
Fedhas
Gozag
Hepliaklqana
Kikubaaqudgha
Nemelex Xobeh
Okawaru
Qazlal
Ru
Sif Muna
Trog
Uskayaw
Vehumet
Wu Jian
Xom
Yredelemnul
Zin
The Shining One

Annotations:
D:2 1 runed translucent door, Crazy Yiuf


Innate Abilities, Weirdness & Mutations

You are a hulking beast.
Your limbs bulge with bestial killing power. (Slay +2)
You can spit globs of acid.
Your golden yellow scales are hard. (AC +6)
You cannot fit into any form of body armour.
You are cold-blooded and may be slowed by cold attacks.
You are resistant to acid. (rCorr)


Message History

The ufetubus shouts!
You hit the ufetubus.
The ufetubus is no longer distracted by gold.
The ufetubus is severely wounded.
You feel sick. The ufetubus misses you.
The ufetubus hits you but does no damage.
The kobold hits you with a +0 short sword.
* * * LOW HITPOINT WARNING * * *
The ufetubus hits you.
* * * LOW HITPOINT WARNING * * *
The ufetubus misses you.
Unknown command.
You closely miss the ufetubus.
The ufetubus is severely wounded.
You feel sick. The kobold hits you but does no damage.
The ufetubus closely misses you. The ufetubus barely misses you.
Unknown command.
You miss the ufetubus.
The ufetubus is severely wounded.
You feel sick. The ufetubus misses you. The ufetubus barely misses you.
The kobold closely misses you.
Unknown command.
You hit the ufetubus.
The ufetubus is severely wounded.
You feel sick.
The ufetubus hits you but does no damage. x2
The kobold barely misses you. The ufetubus closely misses you.
The ufetubus misses you.
Unknown command.
You barely miss the ufetubus.
The ufetubus is severely wounded.
The ufetubus barely misses you. The ufetubus hits you.
* * * LOW HITPOINT WARNING * * *
The kobold closely misses you.
Unknown command.
You aren't carrying any potions.
You hit the kobold.
The kobold is severely wounded.
You die...
Your body crumbles into a pile of gold.

#≈~~#.§....#...#....
#≈.~#$#######≈#######+#
#≈~~#$.....#≈≈≈#......#
#≈~≈#~$~≈..#≈≈≈#..~~.≈#
#~≈~#≈~≈≈~.$$≈...~≈~≈≈#
#≈≈≈#≈≈≈≈≈~#...#.~~≈≈≈#
#≈≈≈#≈≈≈≈≈≈~...#~≈≈≈≈≈#
#≈≈≈#≈≈≈≈≈≈#K).#≈≈≈≈≈≈#
#≈≈≈≈≈≈#h).~≈≈≈≈≈≈#
#≈≈≈≈≈≈#5$.#≈≈≈≈≈≈#
#≈≈≈≈≈≈≈...#≈≈≈≈≈≈#
#≈≈≈≈≈≈~...≈≈≈≈≈≈≈#
≈≈≈≈≈~#...#≈≈≈≈≈≈# #≈≈
≈≈≈≈~≈...#≈≈≈≈≈≈# #≈≈≈
≈≈≈≈≈#...≈≈≈≈≈≈≈# #≈≈≈
≈≈≈≈≈#...#≈≈≈≈≈≈# #~≈≈
≈≈≈≈ #...#≈≈≈≈≈≈#


You could see an ufetubus and a kobold.

Vanquished Creatures
  Grinder (Sewer)
  A phantom (D:4)
  A scorpion (Temple)
  A quasit (Sewer)
  An iguana (D:4)
  An orc wizard (D:3)
  4 adders
  A shadow imp (Sewer)
  3 ufetubi (Sewer)
  A worm (D:2)
  3 dart slugs
  20 orcs
  5 endoplasms
  7 giant cockroaches
  8 goblins
  18 hobgoblins
  3 jackals
  4 quokkas
  7 ball pythons
  8 bats
  2 frilled lizards (D:1)
  17 kobolds
  4 rats
121 creatures vanquished.

Vanquished Creatures (others)
  A bat zombie (Sewer)
1 creature vanquished.

Grand Total: 122 creatures vanquished

Notes
Turn   | Place    | Note
-------+----------+-------------------------------------------
     0 | D:1      | CrazyBamboolord the Draconian Shapeshifter began the quest
                  | for the Orb.
     0 | D:1      | Reached XP level 1. HP: 16/16 MP: 1/1
   106 | D:1      | Reached XP level 2. HP: 23/23 MP: 2/2
   475 | D:1      | Reached XP level 3. HP: 25/29 MP: 3/3
  1396 | D:2      | Reached XP level 4. HP: 34/36 MP: 4/4
  1594 | D:2      | Found a runed translucent door.
  1595 | D:2      | Noticed Crazy Yiuf
  2573 | D:3      | Reached XP level 5. HP: 8/44 MP: 2/5
  2578 | D:3      | HP: 3/66 [poisoned by an adder]
  2761 | D:3      | Found a shadowy altar of Dithmenos.
  3053 | D:4      | Found a staircase to the Ecumenical Temple.
  3060 | Temple   | Entered the Ecumenical Temple
  3210 | Temple   | Became a worshipper of Gozag Ym Sagoz the Greedy
  3418 | D:4      | Noticed a phantom
  3434 | D:4      | Killed a phantom
  3435 | D:4      | Reached XP level 6. HP: 41/51 MP: 4/6
  3490 | D:4      | Found a glowing drain.
  3494 | Sewer    | Entered a sewer
  3756 | Sewer    | Found a burning altar of Makhleb.
  3758 | Sewer    | Noticed Grinder
  3792 | Sewer    | Paralysed by Grinder for 5 turns
  3834 | Sewer    | Killed Grinder
  3835 | Sewer    | Your scales start taking on a golden yellow colour.
  3835 | Sewer    | Reached XP level 7. HP: 13/60 MP: 1/7
  3835 | Sewer    | Gained mutation: You are resistant to acid. (rCorr) [Yellow
                  | Draconian growth]
  3838 | Sewer    | HP: 3/60 [poisoned by a kobold]
  3840 | Sewer    | HP: 1/60 [ufetubus (2)]
  3841 | Sewer    | Succumbed to a kobold's poison

Illustrated notes

Levels and vault maps discovered:
D:1:      lightli_molten_gateway, layout_basic, skrybe_limestone_x, st_stairs_6,
          supply_closet_lemuel, serial_bayou_pond_b
D:2:      layout_rooms, nicolae_figureground_pulse, uniq_crazy_yiuf_cottage
D:3:      layout_loops_corners, nicolae_dithmenos_the_darkroom,
          hangedman_decor_push, guppyfry_early_orc_mine
D:4:      layout_cave_pods, minmay_temple_entry_gardened_gates,
          gup_sewer_entry_bowl, minmay_between
Temple:   nicolae_temple_two_arcs
Sewer:    kennysheep_sewer_church

Skill      XL: |  1  2  3  4  5  6 |
---------------+-------------------+-----
Dodging        | 2 3 |  3.9
Fighting       | 2 3 4 |  4.3
Unarmed Combat | 4 |  4.9
Shapeshifting  | 4 |  4.6

Action                     |  1- 3 |  4- 6 |  7- 9 || total
---------------------------+-------+-------+-------++-------
  Melee: Unarmed           |   115 |   227 |     7 ||   349
         Tailslap          |    12 |    21 |       ||    33
         Punch             |     1 |     5 |       ||     6
    Use: Potion            |       |     5 |       ||     5
         Scroll            |       |     6 |       ||     6
   Stab: Sleeping          |     1 |       |       ||     1
 Armour: Skin              |    57 |   213 |     7 ||   277
  Dodge: Dodged            |    72 |   183 |    12 ||   267

Table legend: (Time is in decaauts)
 A = Elapsed time spent in this place.
 B = Non-inter-level travel time spent in this place.
 C = Inter-level travel time spent in this place.
 D = Time resting spent in this place.
 E = Time spent auto-exploring this place.
 F = Levels seen in this place.
 G = Mean time per level.
                   A        B        C        D        E       F      G
               +--------+--------+--------+--------+--------+-----+--------+
         Total |   3834 |   3616 |    218 |    522 |   2279 |   6 |  639.0 |
       Dungeon |   3213 |   2999 |    214 |    225 |   2138 |   4 |  803.2 |
        Temple |    274 |    270 |      4 |    228 |      0 |   1 |  274.0 |
         Sewer |    346 |    346 |      0 |     69 |    141 |   1 |  346.0 |
               +--------+--------+--------+--------+--------+-----+--------+

Top non-repeatable levels by time:
     D:1: 1237 daAuts
     D:3: 1119 daAuts
     D:2: 590 daAuts
   Sewer: 346 daAuts
  Temple: 274 daAuts
     D:4: 266 daAuts
